TOP OF THE 1ST |
Boston College Eagles batting - Pitching for South Carolina Gamecocks : RHP Vicente Maldonado
|
Pitching: RHP Vicente Maldonado
|
|
Batting: RHB Lorenzo Mota
|
0-0: SINGLE (Groundball, 5D)
|
Batting: RHB David Davidson
|
0-0: Ball 1-0: Called Strike 1-1: Ball 2-1: Ball 3-1: Called Strike 3-2: Foul Ball, location: 2F 3-2: Base on Balls Lorenzo Mota to second
|
Batting: RHB Manny Ramírez
|
0-0: Ball 1-0: Ball 2-0: Ball 3-0: Called Strike 3-1: Fielders Choice at 2nd, 5-4 (Groundball, 56) Lorenzo Mota to third
|
Batting: LHB Dave Cook
|
0-0: Called Strike Manny Ramírez steals 2nd base 0-1: Fly out, F6 (Popup, 6M)
|
Batting: RHB Vernon Sterling
|
0-0: Called Strike 0-1: Ball 1-1: Ball 2-1: Swinging Strike 2-2: Strikes out swinging
|
Top of the 1st over - 0 run(s), 1 hit(s), 0 error(s), 2 left on base; Boston College 0 - South Carolina 0 |
BOTTOM OF THE 1ST |
South Carolina Gamecocks batting - Pitching for Boston College Eagles : RHP Rob Silver
|
Pitching: RHP Rob Silver
|
|
Batting: LHB Josh Pérez
|
0-0: Ground out U3 (Groundball, 3)
|
Batting: RHB Doug O'Brien
|
0-0: Called Strike 0-1: Called Strike 0-2: Ball 1-2: Ball 2-2: Ball 3-2: Base on Balls
|
Batting: RHB Junior Adams
|
0-0: Fly out, F9 (Flyball, 9LDF)
|
Batting: RHB Ron Glass
|
0-0: Ball 1-0: Called Strike 1-1: Ball 2-1: Called Strike 2-2: Foul Ball, location: 2F 2-2: Foul Ball, location: 2F 2-2: Ball 3-2: Ground out 6-3 (Groundball, 6)
|
Bottom of the 1st over - 0 run(s), 0 hit(s), 0 error(s), 1 left on base; Boston College 0 - South Carolina 0 |
TOP OF THE 2ND |
Boston College Eagles batting - Pitching for South Carolina Gamecocks : RHP Vicente Maldonado
|
Batting: RHB Mike Martin
|
0-0: Ball 1-0: Ball 2-0: Ball 3-0: Called Strike 3-1: Called Strike 3-2: Foul Ball, location: 2F 3-2: Base on Balls
|
Batting: RHB Kane Cooper
|
0-0: Ball 1-0: Ball 2-0: Called Strike 2-1: Ball 3-1: Base on Balls Mike Martin to second
|
Batting: RHB Ambrose Brown
|
0-0: Ball 1-0: Ball Passed Ball! Mike Martin to third Kane Cooper to second 2-0: Hit by Pitch
|
Batting: RHB Pepe Chávez
|
0-0: Ball 1-0: Called Strike 1-1: Ball 2-1: Foul Ball, location: 2F 2-2: SINGLE (Line Drive, 56D) Mike Martin scores Kane Cooper to third Ambrose Brown to second Runner from 3rd tries for Home, SAFE, no throw or cutoff
|
Batting: RHB Lorenzo Mota
|
0-0: Called Strike 0-1: Called Strike 0-2: Ball 1-2: Strikes out swinging
|
Batting: RHB David Davidson
|
0-0: Ball 1-0: Swinging Strike 1-1: Swinging Strike 1-2: Foul Ball, location: 2F 1-2: Foul Ball, location: 2F 1-2: Ball 2-2: Strikes out looking
|
Batting: RHB Manny Ramírez
|
0-0: Ball 1-0: Foul Ball, location: 2F 1-1: Ball Wild Pitch! Ambrose Brown to third Pepe Chávez to second 2-1: Foul Ball, location: 2F 2-2: SINGLE (Groundball, 6) Ambrose Brown scores Pepe Chávez to third Runner from 3rd tries for Home, SAFE, no throw or cutoff
|
Batting: LHB Dave Cook
|
0-0: Ball Manny Ramírez is caught stealing 2nd base
|
Top of the 2nd over - 4 run(s), 2 hit(s), 0 error(s), 0 left on base; Boston College 4 - South Carolina 0 |
BOTTOM OF THE 2ND |
South Carolina Gamecocks batting - Pitching for Boston College Eagles : RHP Rob Silver
|
Batting: RHB John Díaz
|
0-0: Fly out, F7 (Line Drive, 7M)
|
Batting: RHB Taylor Justice
|
0-0: Ball 1-0: Called Strike 1-1: Fly out, F8 (Flyball, 8RD)
|
Batting: RHB Lewis Carter
|
0-0: Called Strike 0-1: TRIPLE (Flyball, 9LM)
|
Batting: RHB Clint Ratzlaff
|
0-0: Ball 1-0: Foul Ball, location: 2F 1-1: Fly out, F8 (Flyball, 8RM)
|
Bottom of the 2nd over - 0 run(s), 1 hit(s), 0 error(s), 1 left on base; Boston College 4 - South Carolina 0 |
TOP OF THE 3RD |
Boston College Eagles batting - Pitching for South Carolina Gamecocks : RHP Vicente Maldonado
|
Batting: LHB Dave Cook
|
0-0: Ball 1-0: SINGLE (Flyball, 89S)
|
Batting: RHB Vernon Sterling
|
0-0: Ball 1-0: Foul Ball, location: 2F 1-1: Foul Ball, location: 2F 1-2: Ball 2-2: Foul Ball, location: 2F 2-2: Strikes out swinging
|
Batting: RHB Mike Martin
|
0-0: Ball 1-0: Ball 2-0: Ball 3-0: Called Strike 3-1: Foul Ball, location: 2F 3-2: Foul Ball, location: 2F 3-2: Fly out, F9 (Line Drive, 9M)
|
Batting: RHB Kane Cooper
|
0-0: SINGLE (Line Drive, 78M) Dave Cook to second
|
Batting: RHB Ambrose Brown
|
0-0: Ball 1-0: Swinging Strike 1-1: SINGLE (Flyball, 8LS) Dave Cook to third Kane Cooper to second Throwing error, E8 Dave Cook scores Kane Cooper to third Ambrose Brown to second
|
Batting: RHB Pepe Chávez
|
0-0: Foul Ball, location: 2F 0-1: Ball 1-1: Ball 2-1: Called Strike 2-2: Ball 3-2: Base on Balls
|
Pitching: RHP Cameron Stevens
|
|
Batting: RHB Lorenzo Mota
|
0-0: Foul Ball, location: 2F 0-1: Called Strike 0-2: Ball 1-2: SINGLE (Groundball, 4MD) Kane Cooper scores Ambrose Brown to third Pepe Chávez to second Runner from 3rd tries for Home, throw and OUT!
|
Top of the 3rd over - 2 run(s), 4 hit(s), 1 error(s), 2 left on base; Boston College 6 - South Carolina 0 |
BOTTOM OF THE 3RD |
South Carolina Gamecocks batting - Pitching for Boston College Eagles : RHP Rob Silver
|
Batting: RHB José Zúñiga
|
0-0: SINGLE (Line Drive, 8RS)
|
Batting: LHB Josh Pérez
|
0-0: Swinging Strike 0-1: Called Strike 0-2: Strikes out swinging
|
Batting: RHB Doug O'Brien
|
0-0: Fly out, F9 (Flyball, 9M)
|
Batting: RHB Junior Adams
|
0-0: Ball 1-0: Ball José Zúñiga steals 2nd base 2-0: Ball 3-0: Base on Balls
|
Batting: RHB Ron Glass
|
0-0: Called Strike 0-1: Ball 1-1: SINGLE (Line Drive, 9S) José Zúñiga to third Junior Adams to second Runner from 3rd tries for Home, SAFE, no throw or cutoff
|
Batting: RHB John Díaz
|
0-0: Fielders Choice at 2nd, 5-4 (Groundball, 56)
|
Bottom of the 3rd over - 1 run(s), 2 hit(s), 0 error(s), 1 left on base; Boston College 6 - South Carolina 1 |
TOP OF THE 4TH |
Boston College Eagles batting - Pitching for South Carolina Gamecocks : RHP Cameron Stevens
|
Batting: RHB David Davidson
|
0-0: Ball 1-0: Called Strike 1-1: Called Strike 1-2: SINGLE (Line Drive, 4M)
|
Batting: RHB Manny Ramírez
|
0-0: Called Strike 0-1: 2-RUN HOME RUN (Flyball, 8LXD), Distance : 394 ft
|
Batting: LHB Dave Cook
|
0-0: Swinging Strike 0-1: Foul Ball, location: 2F 0-2: Ball 1-2: Strikes out swinging
|
Batting: RHB Vernon Sterling
|
0-0: Called Strike 0-1: Swinging Strike 0-2: Ball 1-2: SINGLE (Flyball, 9S)
|
Batting: RHB Mike Martin
|
0-0: Ball 1-0: Foul Ball, location: 2F 1-1: SINGLE (Line Drive, 4D) Vernon Sterling to second
|
Batting: RHB Kane Cooper
|
0-0: Ball 1-0: Ball 2-0: Ball 3-0: Base on Balls Vernon Sterling to third Mike Martin to second
|
Batting: RHB Ambrose Brown
|
0-0: SINGLE (Groundball, 6MD) Vernon Sterling scores Mike Martin to third Kane Cooper to second Runner from 3rd tries for Home, SAFE, no throw or cutoff
|
Pitching: LHP Dave Frank
|
|
Batting: RHB Pepe Chávez
|
0-0: Ball 1-0: Called Strike 1-1: Foul Ball, location: 2F 1-2: Ball 2-2: Fly out, F8 (Flyball, 8RS)
|
Batting: RHB Lorenzo Mota
|
0-0: Ball 1-0: Called Strike 1-1: Ball 2-1: Foul Ball, location: 2F 2-2: Foul Ball, location: 2F 2-2: Ball 3-2: Fly out, F4 (Popup, 34)
|
Top of the 4th over - 4 run(s), 5 hit(s), 0 error(s), 2 left on base; Boston College 10 - South Carolina 1 |
BOTTOM OF THE 4TH |
South Carolina Gamecocks batting - Pitching for Boston College Eagles : RHP Rob Silver
|
Batting: RHB Taylor Justice
|
0-0: Ground out 5-3 (Groundball, 5S)
|
Batting: RHB Lewis Carter
|
0-0: Fly out, F7 (Flyball, 78M)
|
Batting: RHB Clint Ratzlaff
|
0-0: Called Strike 0-1: Ball 1-1: Swinging Strike 1-2: Strikes out swinging
|
Bottom of the 4th over - 0 run(s), 0 hit(s), 0 error(s), 0 left on base; Boston College 10 - South Carolina 1 |
TOP OF THE 5TH |
Boston College Eagles batting - Pitching for South Carolina Gamecocks : LHP Dave Frank
|
Batting: RHB David Davidson
|
0-0: Ball 1-0: Ball 2-0: Ball 3-0: Called Strike 3-1: Base on Balls
|
Batting: RHB Manny Ramírez
|
0-0: Ball 1-0: Ball 2-0: Fly out, F5 (Popup, 5F)
|
Batting: LHB Dave Cook
|
0-0: Ball 1-0: Ball 2-0: Called Strike 2-1: Ground out 5-3 (Groundball, 15S) David Davidson to second
|
Batting: RHB Vernon Sterling
|
0-0: Called Strike 0-1: Called Strike 0-2: Ball 1-2: Reached on error, E6 (Groundball, 6) David Davidson to third
|
Batting: RHB Mike Martin
|
0-0: Ball 1-0: Foul Ball, location: 2F 1-1: Foul Ball, location: 2F 1-2: Foul Ball, location: 2F 1-2: Foul Ball, location: 2F 1-2: Strikes out swinging
|
Top of the 5th over - 0 run(s), 0 hit(s), 1 error(s), 2 left on base; Boston College 10 - South Carolina 1 |
BOTTOM OF THE 5TH |
South Carolina Gamecocks batting - Pitching for Boston College Eagles : RHP Rob Silver
|
Batting: RHB José Zúñiga
|
0-0: Foul Ball, location: 2F 0-1: SINGLE (Groundball, 5L)
|
Batting: LHB Josh Pérez
|
0-0: Ball 1-0: Foul Ball, location: 2F 1-1: Ball 2-1: Foul Ball, location: 2F 2-2: Strikes out swinging
|
Batting: RHB Doug O'Brien
|
0-0: Ball 1-0: Ball 2-0: Called Strike José Zúñiga is caught stealing 2nd base 2-1: Ball 3-1: Ground out 1-3 (Groundball, 15)
|
Bottom of the 5th over - 0 run(s), 1 hit(s), 0 error(s), 0 left on base; Boston College 10 - South Carolina 1 |
TOP OF THE 6TH |
Boston College Eagles batting - Pitching for South Carolina Gamecocks : LHP Dave Frank
|
Pitching: RHP Bill Muñóz
|
|
Batting: RHB Kane Cooper
|
0-0: Ground out 3-1 (Groundball, 34)
|
Batting: RHB Ambrose Brown
|
0-0: Fly out, F8 (Flyball, 8RS)
|
Batting: RHB Pepe Chávez
|
0-0: Ball 1-0: Fly out, F9 (Flyball, 89M)
|
Top of the 6th over - 0 run(s), 0 hit(s), 0 error(s), 0 left on base; Boston College 10 - South Carolina 1 |
BOTTOM OF THE 6TH |
South Carolina Gamecocks batting - Pitching for Boston College Eagles : RHP Rob Silver
|
Batting: RHB Junior Adams
|
0-0: Foul Ball, location: 2F 0-1: Ball 1-1: Ball 2-1: Swinging Strike 2-2: Strikes out looking
|
Batting: RHB Ron Glass
|
0-0: Called Strike 0-1: Ball 1-1: Ball 2-1: Ball 3-1: Fly out, F6 (Popup, 6MD)
|
Batting: RHB John Díaz
|
0-0: Foul Ball, location: 2F 0-1: SINGLE (Line Drive, 8LS)
|
Batting: RHB Taylor Justice
|
0-0: Ball 1-0: Ball 2-0: Called Strike 2-1: Ball 3-1: Called Strike 3-2: Foul Ball, location: 2F 3-2: Base on Balls John Díaz to second
|
Batting: RHB Lewis Carter
|
0-0: Called Strike 0-1: Ball 1-1: Swinging Strike 1-2: Strikes out swinging
|
Bottom of the 6th over - 0 run(s), 1 hit(s), 0 error(s), 2 left on base; Boston College 10 - South Carolina 1 |
TOP OF THE 7TH |
Boston College Eagles batting - Pitching for South Carolina Gamecocks : RHP Bill Muñóz
|
Batting: RHB Lorenzo Mota
|
0-0: Foul Ball, location: 2F 0-1: Ball 1-1: Ball 2-1: Foul Ball, location: 2F 2-2: Strikes out swinging, 2-3 out at first.
|
Batting: RHB David Davidson
|
0-0: Ball 1-0: Swinging Strike 1-1: Ball 2-1: Ball 3-1: Base on Balls
|
Batting: RHB Manny Ramírez
|
0-0: Ball 1-0: Ball 2-0: Fly out, F6 (Popup, 6MD)
|
Batting: LHB Dave Cook
|
0-0: Called Strike 0-1: Ball 1-1: Foul Ball, location: 2F 1-2: Strikes out swinging
|
Top of the 7th over - 0 run(s), 0 hit(s), 0 error(s), 1 left on base; Boston College 10 - South Carolina 1 |
BOTTOM OF THE 7TH |
South Carolina Gamecocks batting - Pitching for Boston College Eagles : RHP Rob Silver
|
Batting: RHB Clint Ratzlaff
|
0-0: DOUBLE (Line Drive, 9LM)
|
Pitching: RHP Manuel Cruz
|
|
Batting: RHB José Zúñiga
|
0-0: Ball 1-0: Swinging Strike 1-1: Ball 2-1: Called Strike 2-2: Foul Ball, location: 2F 2-2: Strikes out swinging
|
Batting: LHB Josh Pérez
|
0-0: Called Strike 0-1: Foul Ball, location: 2F 0-2: Ball 1-2: Strikes out swinging
|
Batting: RHB Doug O'Brien
|
0-0: Foul Ball, location: 2F 0-1: Ground out 4-3 (Groundball, 4M)
|
Bottom of the 7th over - 0 run(s), 1 hit(s), 0 error(s), 1 left on base; Boston College 10 - South Carolina 1 |
TOP OF THE 8TH |
Boston College Eagles batting - Pitching for South Carolina Gamecocks : RHP Bill Muñóz
|
Pitching: RHP Eric Johnston
|
|
Batting: RHB Vernon Sterling
|
0-0: Swinging Strike 0-1: Foul Ball, location: 2F 0-2: Ball 1-2: Ball 2-2: Ball 3-2: SINGLE (Groundball, 4M)
|
Batting: RHB Mike Martin
|
0-0: Swinging Strike 0-1: Ball 1-1: Ball 2-1: Foul Ball, location: 2F 2-2: Ground out 2-3 (Groundball, 25) Vernon Sterling to second
|
Batting: RHB Kane Cooper
|
0-0: Ball 1-0: Ball 2-0: Foul Ball, location: 2F 2-1: TRIPLE (Line Drive, 9LS) Vernon Sterling scores
|
Batting: RHB Ambrose Brown
|
0-0: Ball 1-0: Ball 2-0: Ball 3-0: Called Strike 3-1: Base on Balls
|
Batting: RHB Pepe Chávez
|
0-0: Ball Ambrose Brown steals 2nd base 1-0: Fly out, F4 (Popup, 34)
|
Batting: RHB Lorenzo Mota
|
0-0: Ground out 5-3 (Groundball, 5S)
|
Top of the 8th over - 1 run(s), 2 hit(s), 0 error(s), 2 left on base; Boston College 11 - South Carolina 1 |
BOTTOM OF THE 8TH |
South Carolina Gamecocks batting - Pitching for Boston College Eagles : RHP Manuel Cruz
|
Now in RF: Bobby Porter
|
|
Batting: RHB Junior Adams
|
0-0: Ball 1-0: Ball 2-0: Ball 3-0: Called Strike 3-1: Ground out 6-3 (Groundball, 6)
|
Batting: RHB Ron Glass
|
0-0: Swinging Strike 0-1: Ground out 5-3 (Groundball, 15S)
|
Batting: RHB John Díaz
|
0-0: Called Strike 0-1: Ball 1-1: Ball 2-1: Foul Ball, location: 2F 2-2: Foul Ball, location: 2F 2-2: Ball 3-2: Foul Ball, location: 2F 3-2: Base on Balls
|
Batting: RHB Taylor Justice
|
0-0: Foul Ball, location: 2F 0-1: Ball 1-1: Foul Ball, location: 2F 1-2: Foul Ball, location: 2F 1-2: Foul Ball, location: 2F 1-2: Fly out, F8 (Flyball, 8RXD)
|
Bottom of the 8th over - 0 run(s), 0 hit(s), 0 error(s), 1 left on base; Boston College 11 - South Carolina 1 |
TOP OF THE 9TH |
Boston College Eagles batting - Pitching for South Carolina Gamecocks : RHP Eric Johnston
|
Pinch Hitting: LHB Davey Casey
|
0-0: Foul Ball, location: 2F 0-1: Foul Ball, location: 2F 0-2: Strikes out swinging
|
Batting: RHB Manny Ramírez
|
0-0: Swinging Strike 0-1: Fly out, F7 (Flyball, 7M)
|
Batting: LHB Dave Cook
|
0-0: Called Strike 0-1: Ball 1-1: SINGLE (Line Drive, 89S)
|
Batting: RHB Vernon Sterling
|
0-0: Ball 1-0: Called Strike 1-1: Called Strike 1-2: Ball 2-2: Strikes out swinging
|
Top of the 9th over - 0 run(s), 1 hit(s), 0 error(s), 1 left on base; Boston College 11 - South Carolina 1 |
BOTTOM OF THE 9TH |
South Carolina Gamecocks batting - Pitching for Boston College Eagles : RHP Manuel Cruz
|
Now at C: Davey Casey
|
|
Batting: RHB Lewis Carter
|
0-0: SINGLE (Line Drive, 9S)
|
Batting: RHB Clint Ratzlaff
|
0-0: SINGLE (Groundball, 6MD) Lewis Carter to second
|
Batting: RHB José Zúñiga
|
0-0: Ball 1-0: Foul Ball, location: 2F 1-1: Ball 2-1: Fly out, F4 (Popup, 4)
|
Batting: LHB Josh Pérez
|
0-0: Foul Ball, location: 2F 0-1: Fly out, F8 (Flyball, 8RS)
|
Batting: RHB Doug O'Brien
|
0-0: Called Strike 0-1: Ball 1-1: Called Strike 1-2: Ball 2-2: Strikes out swinging
|
Bottom of the 9th over - 0 run(s), 2 hit(s), 0 error(s), 2 left on base; Boston College 11 - South Carolina 1 |
|